 Dungeon Crawl Stone Soup version 0.27-a0-1191-g601b473118 (webtiles) character file.

Game seed: 5661231302515855858

401 st0uf the Slasher (level 6, -3/51 HPs)
             Began as a Draconian Gladiator on May 23, 2021.
             Was a Follower of Okawaru.
             Slain by a gnoll sergeant
             ... wielding a +0 trident
              (8 damage)
             ... on level 7 of the Dungeon.
             The game lasted 00:08:40 (3096 turns).

st0uf the Slasher (Draconian Gladiator)             Turns: 3096, Time: 00:08:41

Health: -3/51      AC: 11    Str: 17    XL:     6   Next: 54%
Magic:  7/7        EV: 13    Int:  8    God:    Okawaru [*.....]
Gold:   163        SH:  5    Dex: 14    Spells: 5/5 levels left

rFire    . . .     SeeInvis .   a - +0 long sword
rCold    . . .     Faith    .   (no shield)
rNeg     . . .     Spirit   .   (armour unavailable)
rPois    .         Reflect  +   b - +0 hat
rElec    .         Harm     .   q - +0 cloak
rCorr    .         Rampage  .   (no gloves)
Will     .....                  (no boots)
Stlth    ++........             i - amulet of reflection
HPRegen  0.17/turn              f - +4 ring of protection
MPRegen  0.10/turn              (no ring)

@: no status effects
A: AC +6, unfitting armour, cold-blooded
a: Renounce Religion, Heroism


You were on level 7 of the Dungeon.
You worshipped Okawaru.
Okawaru was aware of your devotion.
You visited 1 branch of the dungeon, and saw 6 of its levels.

You collected 163 gold pieces.

Inventory:

Hand Weapons
 a - a +0 long sword (weapon)
Missiles
 c - 3 throwing nets (quivered)
Armour
 b - a +0 hat (worn)
 q - a +0 cloak (worn)
Jewellery
 f - a +4 ring of protection (left hand)
 i - an amulet of reflection (around neck)
Scrolls
 d - 7 scrolls of identify {unknown}
 e - 2 scrolls of immolation {unknown}
 g - a scroll of enchant armour {unknown}
 h - a scroll of teleportation {unknown}
 k - a scroll of enchant weapon {unknown}
 o - a scroll of silence {unknown}
Potions
 j - 2 potions of brilliance {unknown}
 l - a potion of curing {unknown}
 m - 2 potions of haste {unknown}
 n - a potion of degeneration {unknown}
 p - a potion of ambrosia {unknown}
 r - a potion of heal wounds {unknown}


   Skills:
 + Level 3.3 Fighting
 + Level 5.3 Long Blades
 + Level 1.8 Throwing
 + Level 3.8 Dodging
 + Level 1.7 Stealth
 + Level 1.1 Shields
 * Level 2.0 Invocations


You had 5 spell levels left.
You didn't know any spells.
Your spell library contained the following spells:

 Spells                   Type           Power      Damage    Failure   Level
 Summon Small Mammal      Summ           0%         N/A       41%         1
 Call Imp                 Summ           0%         N/A       54%         2
 Call Canine Familiar     Summ           0%         N/A       78%         3
 Summon Guardian Golem    Hex/Summ       0%         N/A       78%         3
 Summon Ice Beast         Ice/Summ       0%         N/A       99%         4
 Summon Lightning Spire   Summ/Air       0%         N/A       99%         4


Dungeon Overview and Level Annotations

Branches:
Dungeon (5/15)
 Temple: D:4-7

Altars:
Okawaru
Vehumet

Shops:
D:2 :

Annotations:
D:4 exclusion: ogre
D:5 exclusion: ogre


Innate Abilities, Weirdness & Mutations

Your plain brown scales are hard. (AC +6)
You cannot fit into any form of body armour.
You are cold-blooded and may be slowed by cold attacks.


Message History

The gnoll sergeant is lightly wounded.
You hit the gnoll sergeant.
The gnoll sergeant is moderately wounded.
The gnoll sergeant hits you but does no damage.
You barely miss the gnoll sergeant.
You tail-slap the gnoll sergeant, but do no damage.
The gnoll sergeant is lightly wounded.
The gnoll sergeant hits you with a +0 trident!
* * * LOW HITPOINT WARNING * * *
You closely miss the gnoll sergeant.
The gnoll sergeant is lightly wounded.
The gnoll sergeant barely misses you.
You closely miss the gnoll sergeant.
You tail-slap the gnoll sergeant, but do no damage.
The gnoll sergeant is lightly wounded.
The gnoll sergeant hits you with a +0 trident.
* * * LOW HITPOINT WARNING * * *
You barely miss the gnoll sergeant. You tail-slap the gnoll sergeant.
The gnoll sergeant is moderately wounded.
The gnoll sergeant hits you but does no damage.
You hit the gnoll sergeant but do no damage.
You tail-slap the gnoll sergeant, but do no damage.
The gnoll sergeant is moderately wounded.
The gnoll sergeant closely misses you.
You hit the gnoll sergeant but do no damage.
The gnoll sergeant is moderately wounded.
The gnoll sergeant misses you.
The gnoll sergeant hits you with a +0 trident.
* * * LOW HITPOINT WARNING * * *
You barely miss the gnoll sergeant.
The gnoll sergeant is moderately wounded.
You block the gnoll sergeant's attack.
You hit the gnoll sergeant but do no damage.
The gnoll sergeant is moderately wounded.
The gnoll sergeant hits you with a +0 trident.
* * * LOW HITPOINT WARNING * * *
You slash the gnoll sergeant!
The gnoll sergeant is severely wounded.
The gnoll sergeant hits you with a +0 trident!
You die...

... #....# #
...##....###.###
................
..........##.###
....##.....# .#
.... #.....##.#
... #.....##.#.#.
..
#....g.#.#.#...#
#...@#.#.#.. ..
#....#.#.#....
#....#.#.#.#.#
######.c.#.#.#
####...#...#
#..........#.#..
#.......c...s.g.
............#..##
....(#...###g# .


You could see a gnoll sergeant.

Vanquished Creatures
  A centaur (D:7)
  2 howler monkeys (D:7)
  A hound (D:4)
  Jessica (D:3)
  8 gnolls
  5 adders
  An ufetubus (D:2)
  An adder skeleton (D:4)
  A worm (D:3)
  An orc (D:2)
  9 ball pythons
  4 endoplasms
  2 giant cockroaches
  3 goblins
  7 jackals
  A quokka (D:1)
  4 bats
  6 frilled lizards
  4 kobolds
  A quokka skeleton (D:4)
  7 rats
70 creatures vanquished.

Notes
Turn   | Place    | Note
-------+----------+-------------------------------------------
     0 | D:1      | st0uf the Draconian Gladiator began the quest for the Orb.
     0 | D:1      | Reached XP level 1. HP: 17/17 MP: 1/1
   230 | D:1      | Reached XP level 2. HP: 22/24 MP: 2/2
   840 | D:2      | Reached XP level 3. HP: 6/30 MP: 3/3
  1174 | D:1      | Reached skill level 4 in Long Blades
  1316 | D:2      | Reached skill level 1 in Stealth
  1316 | D:2      | Reached XP level 4. HP: 17/37 MP: 4/4
  1569 | D:2      | Found Mameom's Book Shop.
  1624 | D:2      | Found a faded altar of an unknown god.
  1821 | D:2      | Found an iron altar of Okawaru.
  1827 | D:2      | Became a worshipper of Warmaster Okawaru
  1968 | D:3      | Noticed an ogre
  2093 | D:4      | Noticed an ogre
  2301 | D:4      | Reached XP level 5. HP: 28/42 MP: 5/5
  2774 | D:3      | Noticed Jessica
  2781 | D:3      | Killed Jessica
  2782 | D:3      | Reached skill level 1 in Invocations
  2824 | D:3      | Found a radiant altar of Vehumet.
  3020 | D:5      | Entered Level 5 of the Dungeon
  3020 | D:5      | Noticed an ogre
  3036 | D:5      | You fall into a shaft and drop 2 floors!
  3045 | D:7      | Reached skill level 5 in Long Blades
  3045 | D:7      | Reached XP level 6. HP: 47/51 MP: 5/7
  3050 | D:7      | Reached * piety under Okawaru
  3051 | D:7      | Reached skill level 1 in Shields
  3096 | D:7      | Slain by a gnoll sergeant

Illustrated notes

Levels and vault maps discovered:
D:1:      dpeg_arrival_another_circle, layout_loops_ring
D:2:      layout_basic, hellmonk_ecumenical_altar_pennies_from_heaven,
          basic_altar, serial_shops, nicolae_shop_waterfront
D:3:      layout_basic, pf_just_have_faith, uniq_jessica
D:4:      layout_loops_ring
D:5:      layout_basic, portal_sewer_entry_a, uniq_pikel
D:7:      cheibrodos_fertilizer, layout_basic,
          minmay_temple_entry_drinking_statues, minmay_ruined_shrine

Skill      XL: |  1  2  3  4  5  6 |
---------------+-------------------+-----
Dodging        | 3 |  3.8
Long Blades    | 4 5 |  5.3
Stealth        | 1 |  1.7
Invocations    | 1 2 |  2.0
Fighting       | 3 |  3.3
Shields        | 1 |  1.1
Throwing       | |  1.8

Action                   |  1- 3 |  4- 6 || total
-------------------------+-------+-------++-------
Melee: Long sword        |    84 |   168 ||   252
       Tailslap          |    10 |    30 ||    40
Armor: Skin              |    32 |    58 ||    90
Dodge: Dodged            |    72 |   126 ||   198
Block: Other             |       |    34 ||    34
       Reflection        |       |     1 ||     1
       Rpst.: Long sword |    21 |    37 ||    58

Table legend: (Time is in decaauts)
 A = Elapsed time spent in this place.
 B = Non-inter-level travel time spent in this place.
 C = Inter-level travel time spent in this place.
 D = Time resting spent in this place.
 E = Time spent auto-exploring this place.
 F = Levels seen in this place.
 G = Mean time per level.
                   A        B        C        D        E       F      G
               +--------+--------+--------+--------+--------+-----+--------+
         Total |   3150 |   3109 |     41 |    653 |   1501 |   6 |  525.0 |
       Dungeon |   3150 |   3109 |     41 |    653 |   1501 |   6 |  525.0 |
               +--------+--------+--------+--------+--------+-----+--------+

Top non-repeatable levels by time:
     D:2: 1121 daAuts
     D:1: 852 daAuts
     D:4: 769 daAuts
     D:3: 327 daAuts
     D:7: 64 daAuts
     D:5: 16 daAuts
